 Dungeon Sprint DCSS version 0.30-a0-847-g17996783a1 (webtiles) character file.

Game seed: 16449915828292105974

1735 dialectric the Fighter (level 9, -7/64 HPs)
             Began as a Gargoyle Fighter on Mar 3, 2023.
             Mangled by a yaktaur (13 damage)
             ... in the Dungeon (Sprint II: "The Violet Keep of Menkaure").
             The game lasted 00:04:24 (699 turns).

dialectric the Fighter (Gargoyle Fighter)            Turns: 699, Time: 00:04:24

Health: -7/64      AC: 15    Str: 22    XL:     9   Next: 5%
Magic:  7/7        EV: 12    Int:  7    God:
Gold:   547        SH:  0    Dex: 15    Spells: 8/8 levels left

rFire   . . .      SeeInvis .    e - +3 dire flail (heavy)
rCold   x . .      Faith    .    (shield currently unavailable)
rNeg    + . .      Spirit   .    b - +0 scale mail
rPois   ∞          Reflect  .    (no helmet)
rElec   +          Rampage  .    (no cloak)
rCorr   .          NoTele   +    (no gloves)
Will    .....                    (no boots) Stlth
                                 (no amulet)
HPRegen 0.30/turn                (no ring)
MPRegen 0.10/turn                (no ring)

@: unable to read
A: sickness immunity, AC +6, negative energy resistance 1, electricity
resistance, torment resistance 1, petrification resistance, agile 1,
deterioration 1, low MP 2, cold vulnerability 1, subdued magic 1, inability to
read after injury 1, devolution 1
a: no special abilities


You were in the Dungeon.
You visited 1 branch You collected 972 gold pieces.
You spent 425 gold pieces at shops.

Inventory:

Hand Weapons
 a - a +0 long sword
 e - a +3 heavy dire flail (weapon)
Armour
 b - a +0 scale mail (worn)
 c - a +0 buckler
Potions
 d - a potion of curing
 f - a potion of heal wounds
 h - 2 potions of magic


   Skills:
 + Level 11.6 Fighting
 * Level 10.6 Long Blades
 + Level 4.6 Maces & Flails
 + Level 11.2 Armour
 + Level 5.3 Dodging
 + Level 0.1 Stealth
 - Level 3.2 Shields


You had 8 spell levels left.
You didn't know any spells.
Your spell library was empty.

Dungeon Overview and Level Annotations

Branches:
Dungeon (1/1)

Altars:
Cheibriados
Dithmenos
Elyvilon
Fedhas
Gozag
Hepliaklqana
Kikubaaqudgha
Makhleb
Nemelex Xobeh
Okawaru
Ru
Sif Muna
Trog
Uskayaw
Vehumet
Xom
Yredelemnul
Zin
Jiyva
Lugonu

Shops:
D [::**=?=:!!:![(

Annotations:
D exclusion: oklob plant


Innate Abilities, Weirdness & Mutations

You are immune to sickness and miasma.
Your stone body is resilient. (AC +6)
You are immune to poison.
You resist negative energy. (rN+)
You are resistant to electric shocks. (rElec)
You are resistant to unholy torment.
You are immune to petrification.
You are agile. (Dex +4, Str/Int -1)
Your body sometimes deteriorates upon taking damage.
Your magical capacity is very low. (-20% MP)
You are vulnerable to cold. (rC-)
Your spells are a little easier to cast, but a little less powerful.
You occasionally lose the ability to read scrolls when taking damage.
You have hidden genetic defects.


Message History

The neqoxec hits you but does no damage.
You are too injured to fight recklessly!
You impale the neqoxec!!
You kill the neqoxec!
You feel your intelligence returning.
Your Armour skill increases to level 11!
You are too injured to fight recklessly!
Unknown command.
You now have 547 gold pieces (gained 243).
There is an open door here.
There is a broken door here.
You start resting.
You feel yourself speed up.
You see here a +0 spear.
There is a broken door here.
Really walk into a travel-excluded area?
The yaktaur shouts!
The hornet buzzes angrily.
The yaktaur wields a +0 arbalest.
The yaktaur shoots a bolt.
The bolt misses you.
You recover from your berserk rage.
The hornet closely misses you.
You impale the hornet!!
The hornet is severely wounded.
The hornet stings you. x2
You sock the hornet!
You kill the hornet!
The yaktaur unwields a +0 arbalest.
The yaktaur barely misses you.
Your Maces & Flails skill increases to level 4!
You have reached level 9!
Your experience leads to an increase in your attributes!
Your base attributes are Str 21, Int 8, Dex 11.
Increase (S)trength, (I)ntelligence, or (D)exterity?
You feel stronger. x2
You bludgeon the yaktaur!!
The yaktaur is heavily wounded.
You are engulfed in a cloud of scalding steam.
You feel threatened and lose the ability to read scrolls!
* * * LOW HITPOINT WARNING * * *
The yaktaur hits you!
You die...

~~.##+##.. ~~###..##.#### +.###
)▓")$$?$?$ ~~#.##..# ...# ...#
##▓$$![)[?? ####.#.####..## #..#
$#▓[!$[[$!? #.###'###.##..# +..#
y#▓($$![[$? #..##.##...#..# #^.#
.#▓[)?![?!$
.##'.<.')#.'..####..##.#▓$?$(!!$!
#..##.##...#..§.###...##▓▓▓▓▓▓▓'▓
#.###'###.##.§..@†~~~~~~~~~~~~~..
####...####~~.§..c~#'########+###
~~#.##..#~~~~~§~..~#_._.....#SS~#
#~## ###~~§~~§§~.~#._._....#S~≈§
#~~# #~§~§§§§§~~~#_._._...#~~~§ #
~~~ ~~~§§§≈≈§~~~#._._._..#~§§§
+++# ++#~§≈≈§≈≈§§#_._._._.#~§§~ ≈
##≈§≈###≈§#._._._._#~§~§
#≈≈#.._._._.


You could see a yaktaur.

Vanquished Creatures
  A merfolk siren (D)
  A polar bear (D)
  A hornet (D)
  4 neqoxecs (D)
  Menkaure (D)
  A water moccasin (D)
  5 scorpions (D)
  3 worms (D)
17 creatures vanquished.

Vanquished Creatures (others)
  4 tentacles (D)
4 creatures vanquished.

Grand Total: 21 creatures vanquished

Notes
Turn   | Place    | Note
-------+----------+-------------------------------------------
     0 | D        | dialectric the Gargoyle Fighter began the quest for the
                  | Orb.
     0 | D        | Reached XP level 1. HP: 14/14 MP: 1/1
     8 | D        | Noticed a scorpion
     8 | D        | Noticed a scorpion
     8 | D        | Noticed a scorpion
     8 | D        | Noticed a scorpion
    10 | D        | Killed a scorpion
    11 | D        | Reached skill level 5 in Fighting
    11 | D        | Reached skill level 5 in Armour
    11 | D        | Reached XP level 2. HP: 21/21 MP: 2/2
    11 | D        | Reached XP level 3. HP: 26/26 MP: 3/3
    12 | D        | Killed a scorpion
    13 | D        | Reached XP level 4. HP: 24/32 MP: 4/4
    14 | D        | Killed a scorpion
    15 | D        | Reached XP level 5. HP: 29/38 MP: 5/5
    25 | D        | Noticed a merfolk siren
    36 | D        | Killed a merfolk siren
    37 | D        | Reached XP level 6. HP: 18/48 MP: 6/6
    37 | D        | Reached XP level 7. HP: 20/52 MP: 7/7
    93 | D        | Found an iron altar of Okawaru.
    93 | D        | Found a radiant altar of Vehumet.
    95 | D        | Found a sparkling altar of Nemelex Xobeh.
    95 | D        | Found a hide-covered altar of Uskayaw.
    95 | D        | Found a glowing silver altar of Zin.
    96 | D        | Found an opulent altar of Gozag.
    96 | D        | Found a burning altar of Makhleb.
    96 | D        | Found a bloodstained altar of Trog.
    96 | D        | Found a basalt altar of Yredelemnul.
    97 | D        | Found a blossoming altar of Fedhas.
    97 | D        | Found a corrupted altar of Lugonu.
    97 | D        | Found a shimmering blue altar of Sif Muna.
    98 | D        | Found a white marble altar of Elyvilon.
    98 | D        | Found an ancient bone altar of Kikubaaqudgha.
    99 | D        | Found a shadowy altar of Dithmenos.
    99 | D        | Found a viscous altar of Jiyva.
   100 | D        | Found a snail-covered altar of Cheibriados.
   102 | D        | Found a shimmering altar of Xom.
   102 | D        | Found a sacrificial altar of Ru.
   102 | D        | Found a hazy altar of Hepliaklqana.
   137 | D        | Reached skill level 10 in Fighting
   139 | D        | Noticed a kraken
   151 | D        | Noticed a yaktaur
   151 | D        | Noticed a hornet
   151 | D        | Noticed a polar bear
   151 | D        | Noticed a polar bear
   172 | D        | Found Ahick's Antique Weapon Shop.
   172 | D        | Found Kizxur's Book Boutique.
   172 | D        | Found Joxkiu Jesm's Antique Armour Boutique.
   172 | D        | Found Dozux's Distillery.
   173 | D        | Found Ziogho's Distillery.
   173 | D        | Found Laasurer's Book Boutique.
   173 | D        | Found Joshicim's Jewellery Shop.
   173 | D        | Found Dexkutol's Magic Scroll Boutique.
   175 | D        | Found Qiamicue's Assorted Antiques.
   175 | D        | Found Usoguliu's Assorted Antiques.
   175 | D        | Noticed a hell hog
   176 | D        | Found Mikhle Ziny's Distillery.
   176 | D        | Found Zigac's Jewellery Boutique.
   176 | D        | Noticed a hell hog
   177 | D        | Found Faragg's Book Boutique.
   177 | D        | Noticed Menkaure
   177 | D        | Noticed an oklob plant
   177 | D        | Noticed a wyvern
   177 | D        | Noticed a wyvern
   178 | D        | Found Iwor's Antique Armour Boutique.
   178 | D        | Found Porheog's Book Shoppe.
   178 | D        | Noticed a wyvern
   182 | D        | Bought a warped mace for 152 gold pieces
   182 | D        | Identified the +0 mace "Ilot" {flame, rElec rPois rN+} (You
                  | bought it in a shop in the Dungeon)
   207 | D        | Killed Menkaure
   208 | D        | Reached skill level 10 in Armour
   378 | D        | Noticed a flying skull
   380 | D        | Noticed a flying skull
   430 | D        | Bought a runed dire flail for 133 gold pieces
   435 | D        | Noticed a flying skull
   440 | D        | Bought a potion of heal wounds for 50 gold pieces
   441 | D        | Bought a scroll of enchant weapon for 90 gold pieces
   462 | D        | Killed a polar bear
   463 | D        | Reached skill level 1 in Maces & Flails
   463 | D        | Reached XP level 8. HP: 4/59 MP: 8/8
   656 | D        | Gained mutation: You have hidden genetic defects. [a
                  | neqoxec]
   660 | D        | Gained mutation: You are agile. (Dex +4, Str/Int -1) [a
                  | neqoxec]
   661 | D        | Gained mutation: Your spells are a little easier to cast,
                  | but a little less powerful. [a neqoxec]
   663 | D        | Gained mutation: Your magical capacity is low. (-10% MP) [a
                  | neqoxec]
   664 | D        | Reached skill level 10 in Long Blades
   664 | D        | Reached skill level 5 in Dodging
   665 | D        | Gained mutation: You occasionally lose the ability to read
                  | scrolls when taking damage. [a neqoxec]
   667 | D        | Gained mutation: Your body sometimes deteriorates upon
                  | taking damage. [a neqoxec]
   669 | D        | Gained mutation: Your magical capacity is very low. (-20%
                  | MP) [a neqoxec]
   673 | D        | Gained mutation: You are vulnerable to cold. (rC-) [hidden
                  | defects]
   698 | D        | Killed a hornet
   699 | D        | Reached XP level 9. HP: 25/64 MP: 7/7
   699 | D        | Mangled by a yaktaur

Illustrated notes

Levels and vault maps discovered:
D:        the_violet_keep_of_menkaure [sprint2_stairs_cluster_1,
          sprint2_shoproom, sprint2_temple, sprint2_basic_supplies,
          sprint2_obstacle_5, sprint2_obstacle_3, sprint2_obstacle_4,
          sprint2_obstacle_1, sprint2_obstacle_2, sprint2_timed_cluster_1,
          sprint2_smallroom_cluster_1, sprint2_smallroom_final_cluster_1,
          sprint2_transparent_cluster_1, sprint2_second_timed_cluster_1,
          sprint2_sniper_area_1, sprint2_heavy_combat_area_1,
          sprint2_mutation_trap_area_1, sprint2_forest_area_1,
          sprint2_light_combat_area_1, sprint2_behind_water_1,
          sprint2_near_end_vault_1]

Skill      XL: |  1  2  3  4  5  6  7  8 |
---------------+-------------------------+-----
Fighting       | 5 6 7 9 10 11 | 11.6
Long Blades    | 2 3 7 9 10 | 10.6
Armour         | 5 6 7 9 10 11 | 11.2
Dodging        | 2 3 4 5 |  5.3
Maces & Flails | 1 4 |  4.6
Stealth        | |  0.1
Shields        | |  3.2

Action                     |  1- 3 |  4- 6 |  7- 9 || total
---------------------------+-------+-------+-------++-------
  Melee: Long sword        |     3 |    16 |    39 ||    58
         Mace              |       |       |    12 ||    12
         Dire flail        |       |       |    31 ||    31
    Use: Potion            |     1 |     1 |     3 ||     5
         Scroll            |       |       |     2 ||     2
 Armour: Scale mail        |       |     2 |    49 ||    51
  Dodge: Dodged            |     2 |     4 |    61 ||    67

Table legend: (Time is in decaauts)
 A = Elapsed time spent in this place.
 B = Non-inter-level travel time spent in this place.
 C = Inter-level travel time spent in this place.
 D = Time resting spent in this place.
 E = Time spent auto-exploring this place.
 F = Levels seen in this place.
 G = Mean time per level.
                   A        B        C        D        E       F      G
               +--------+--------+--------+--------+--------+-----+--------+
         Total |    743 |    743 |      0 |    136 |    257 |   1 |  743.0 |
       Dungeon |    743 |    743 |      0 |    136 |    257 |   1 |  743.0 |
               +--------+--------+--------+--------+--------+-----+--------+

Top non-repeatable levels by time:
       D: 743 daAuts
